 Dungeon Crawl Stone Soup version 0.29-a0-284-gf9362112df (webtiles) character file.

Game seed: 2018240906640044231

1480 being54 the Sneak (level 8, -3/39 HPs)
             Began as a Spriggan Enchanter on Mar 23, 2022.
             Was an Initiate of Dithmenos.
             Slain by a lemure (5 damage)
             ... led by Pikel
             ... on level 5 of the Dungeon.
             The game lasted 00:13:10 (6380 turns).

being54 the Sneak (Spriggan Enchanter)              Turns: 6380, Time: 00:13:11

Health: -3/39      AC:  4    Str:  4    XL:     8   Next: 50%
Magic:  12/16      EV: 25    Int: 17    God:    Dithmenos [......]
Gold:   206        SH:  0    Dex: 17    Spells: 6/17 levels left

rFire   . . .      SeeInvis +   i - +1 dagger (speed)
rCold   + . .      Faith    .   (no shield)
rNeg    . . .      Spirit   .   b - +2 robe
rPois   .          Reflect  .   (helmet restricted)
rElec   .          Harm     .   (no cloak)
rCorr   .          Rampage  .   (gloves unavailable)
Will    +....                   (boots unavailable)
Stlth   ++++......              (no amulet)
HPRegen 0.13/turn               j - +4 ring of evasion
MPRegen 0.15/turn               o - ring of protection from cold

@: very quick
A: very small, no large weapons, unfitting armour, see invisible, speed 3
a: Renounce Religion


You were on level 5 of the Dungeon.
You worshipped Dithmenos.
Dithmenos was noncommittal.
You visited 2 branches of the dungeon, and saw 7 of its levels.

You collected 206 gold pieces.

Inventory:

Hand Weapons
 i - a +1 dagger of speed (weapon)
 m - the +11 hand axe of Evisceration {spect, rPois rCorr Str+3}
   (You took it off a goblin on level 3 of the Dungeon)

   When its wielder attacks, the weapon's spirit leaps out and strikes again.
   The spirit shares a part of any damage it takes with its wielder.
   Str:       It affects your strength (+3).
   rPois:     It protects you from poison.
   rCorr:     It protects you from acid and corrosion.
Missiles
 a - 4 poisoned darts
 h - 2 datura-tipped darts (quivered)
 n - 2 atropa-tipped darts
Armour
 b - a +2 robe (worn)
Jewellery
 j - a +4 ring of evasion (left hand)
 o - a ring of protection from cold (right hand)
Wands
 p - a wand of paralysis (5)
Scrolls
 l - 2 scrolls of teleportation
Potions
 c - 3 potions of invisibility
 d - a potion of brilliance
 e - a potion of lignification {unknown}
 f - 3 potions of resistance
 g - a potion of haste {unknown}
 k - 2 potions of curing {unknown}


   Skills:
 + Level 2.5 Fighting
 + Level 3.7 Short Blades
 * Level 6.9 Dodging
 - Level 7.0 Stealth
 - Level 5.0 Spellcasting
 - Level 7.0 Hexes
 - Level 3.0 Ice Magic


You had 6 spell levels left.
You knew the following spells:

 Your Spells              Type           Power      Damage    Failure   Level
a - Ensorcelled Hibernat  Hex/Ice        42%        N/A       2%          2
b - Tukima's Dance        Hex            28%        N/A       2%          3
c - Confusing Touch       Hex            28%        N/A       2%          3
d - Dazzling Flash        Conj/Hex       32%        N/A       10%         3

Your spell library contained the following spells:

 Spells                   Type           Power      Damage    Failure   Level
 Inner Flame              Hex/Fire       16%        N/A       10%         3
 Foxfire                  Conj/Fire      16%        2x1d4     14%         1
 Conjure Flame            Conj/Fire      4%         6-21      38%         3
 Flame Wave               Conj/Fire      4%         2d5       80%         4


Dungeon Overview and Level Annotations

Branches:
Dungeon (6/15)             Temple (1/1) D:5

Altars:
Ashenzari
Cheibriados
Dithmenos
Elyvilon
Fedhas
Gozag
Hepliaklqana
Kikubaaqudgha
Makhleb
Nemelex Xobeh
Qazlal
Ru
Sif Muna
Trog
Uskayaw
Wu Jian
Xom
Yredelemnul
Zin

Annotations:
D:5 Pikel


Innate Abilities, Weirdness & Mutations

You are very small and have problems with some larger weapons.
You are too small for most types of armour.
You have supernaturally acute eyesight. (SInv)
You cover ground extremely quickly. (Speed+++)


Message History

You start resting.
Magic restored.
You climb downwards.
Level annotation: Pikel The lemure completely misses you.
The lemure hits you!
Pikel hits you with a +2 whip of freezing.
Pikel freezes you.
The ice beast hits you but does no damage.
The lemure completely misses you. The ice beast hits you.
The ice beast freezes you. You resist. The lemure completely misses you.
Pikel hits you with a +2 whip of freezing.
There is a stone staircase leading up, spattered with blood here.
The ice beast hits you but does no damage.
The gnoll misses you. The lemure completely misses you.
The lemure barely misses you.
Pikel hits you with a +2 whip of freezing!
* * * LOW HITPOINT WARNING * * *
Pikel freezes you.
* * * LOW HITPOINT WARNING * * *
The lemure shouts!
You climb upwards.
There is a stone staircase leading down here.
Casting: Ensorcelled Hibernation (safe; 2% risk of failure)
Confirm with . or Enter, or press ? or * to list all spells.
Aiming: Ensorcelled Hibernation (safe; 2% risk of failure)
Press: ? - help, Shift-Dir - straight line, f - Pikel
Aim: Pikel, wielding a +2 whip of freezing and wearing a +0 robe (chance to affect: 53%) Pikel resists with significant effort.
The lemure completely misses you. The lemure barely misses you.
Pikel hits you with a +2 whip of freezing.
* * * LOW HITPOINT WARNING * * *
The ice beast misses you.
Casting: Ensorcelled Hibernation (safe; 2% risk of failure)
Confirm with . or Enter, or press ? or * to list all spells.
Aiming: Ensorcelled Hibernation (safe; 2% risk of failure)
Press: ? - help, Shift-Dir - straight line, f/p - Pikel
Aim: Pikel, wielding a +2 whip of freezing and wearing a +0 robe (chance to affect: 53%) Pikel resists with significant effort.
The lemure closely misses you. The lemure hits you.
You die...

.####### #..#.# .# ##.#.#
.# #.#.# .# ###### #.#.#
## #....# #.#.# #.##.#
#.#.# #.##.# #...# #.##.#
##YK# #.##.# #5@# #.##.#
##5# ##### #.##.#####.#
....#
#.##.......##############
###.#
#[.<..............#.....#
#.#
#################.#.###.#
#.#
#.............#.#.##<.#
#.#
#.###########.#.#.##..#
#.#####.## #.#.#.##..#


You could see Pikel, an ice beast and 2 lemures.

Vanquished Creatures
  2 water moccasins (D:5)
  2 black bears
  A sky beast (D:5)
  An ice beast (D:5)
  An ogre (D:5)
  A lemure (D:5)
  2 scorpions
  2 necrophages (D:5)
  5 jellies
  3 hounds
  3 iguanas
  An orc wizard (D:4)
  6 gnolls
  9 adders
  An ufetubus (D:2)
  A worm (D:2)
  4 dart slugs
  4 orcs (D:4)
  4 endoplasms
  3 giant cockroaches
  3 goblins
  6 hobgoblins
  3 jackals (D:3)
  5 quokkas
  4 ball pythons
  7 bats
  2 frilled lizards
  5 kobolds
  3 rats
94 creatures vanquished.

Notes
Turn   | Place    | Note
-------+----------+-------------------------------------------
     0 | D:1      | being54 the Spriggan Enchanter began the quest for the Orb.
     0 | D:1      | Reached XP level 1. HP: 9/9 MP: 5/5
   378 | D:1      | Reached skill level 5 in Stealth
   428 | D:1      | Found a faded altar of an unknown god.
   899 | D:2      | Reached XP level 2. HP: 13/13 MP: 6/6
   902 | D:2      | Learned a level 2 spell: Ensorcelled Hibernation
  2009 | D:2      | Reached XP level 3. HP: 16/16 MP: 5/8
  2763 | D:3      | Noticed a scorpion
  2767 | D:3      | Killed a scorpion
  2768 | D:3      | Reached skill level 1 in Ice Magic
  2768 | D:3      | Reached XP level 4. HP: 21/21 MP: 10/10
  2793 | D:3      | Reached XP level 5. HP: 24/24 MP: 2/11
  2970 | D:3      | Identified the +11 hand axe of Evisceration {spect, rPois
                  | rCorr Str+3}
  3018 | D:3      | Learned a level 3 spell: Tukima's Dance
  3043 | D:3      | Learned a level 3 spell: Confusing Touch
  3207 | D:3      | Learned a level 3 spell: Dazzling Flash
  3616 | D:4      | Reached skill level 5 in Hexes
  3616 | D:4      | Reached XP level 6. HP: 28/28 MP: 10/13
  4078 | D:4      | Reached skill level 5 in Spellcasting
  4105 | D:4      | Reached XP level 7. HP: 26/32 MP: 4/15
  4493 | D:5      | Entered Level 5 of the Dungeon
  4877 | D:5      | Found a staircase to the Ecumenical Temple.
  4925 | Temple   | Entered the Ecumenical Temple
  5090 | Temple   | Became a worshipper of Dithmenos the Shadowed
  5413 | D:5      | Reached skill level 1 in Fighting
  5746 | D:5      | Reached skill level 5 in Dodging
  5746 | D:5      | Reached XP level 8. HP: 38/38 MP: 9/16
  6141 | D:6      | Noticed Pikel
  6380 | D:5      | Slain by a lemure

Illustrated notes

Levels and vault maps discovered:
D:1:      nzn_arrival_crosshair, layout_loops_ring,
          shapermc_ecumenical_altar_venn, chequers_serial_rivers_room_b,
          serial_bayou_pond_c, serial_bayou_pond_b
D:2:      layout_loops_ring, minmay_hedge_maze
D:3:      layout_loops_ring
D:4:      layout_cave_pools
D:5:      layout_basic, minmay_temple_entry_statues_fountains
D:6:      layout_basic, okawaru_trees_2, ebering_ghost_sewer_d,
          dk_noncrumbling_2, minmay_shop_damaged, st_stairs_3,
          hangedman_decor_diamond_cutter, hangedman_decor_points,
          kennysheep_generic_room_6, uniq_pikel
Temple:   mainiacjoe_temple_bowtie_tessellation

Skill      XL: |  1  2  3  4  5  6  7  8 |
---------------+-------------------------+-----
Stealth        | 5 6 7 |  7.0
Spellcasting   | 3 4 5 |  5.0
Hexes          | 4 5 7 |  7.0
Ice Magic      | 1 2 3 |  3.0
Dodging        | 5 6 |  6.9
Fighting       | 1 2 |  2.5
Short Blades   | 2 3 |  3.7

Action                   |  1- 3 |  4- 6 |  7- 9 || total
-------------------------+-------+-------+-------++-------
Melee: Dagger            |   113 |    75 |   133 ||   321
       Punch             |     1 |     1 |     2 ||     4
 Cast: Ensorcelled Hiber |    18 |    28 |    26 ||    72
  Use: Scroll            |     6 |     3 |     2 ||    11
       Potion            |       |     1 |       ||     1
 Stab: Sleeping          |    17 |    22 |    23 ||    62
       Invisible         |       |     1 |       ||     1
Armor: Robe              |     9 |     5 |     5 ||    19
Dodge: Dodged            |    82 |    64 |   104 ||   250

Table legend: (Time is in decaauts)
 A = Elapsed time spent in this place.
 B = Non-inter-level travel time spent in this place.
 C = Inter-level travel time spent in this place.
 D = Time resting spent in this place.
 E = Time spent auto-exploring this place.
 F = Levels seen in this place.
 G = Mean time per level.
                   A        B        C        D        E       F      G
               +--------+--------+--------+--------+--------+-----+--------+
         Total |   4993 |   4749 |    244 |   1466 |   2574 |   7 |  713.3 |
       Dungeon |   4693 |   4472 |    221 |   1423 |   2347 |   6 |  782.2 |
        Temple |    300 |    278 |     22 |     43 |    227 |   1 |  300.0 |
               +--------+--------+--------+--------+--------+-----+--------+

Top non-repeatable levels by time:
     D:2: 1227 daAuts
     D:5: 1004 daAuts
     D:1: 919 daAuts
     D:4: 918 daAuts
     D:3: 616 daAuts
  Temple: 300 daAuts
     D:6: 6 daAuts
